 Dungeon Crawl Stone Soup version 0.22-a0-398-g8bb545f (webtiles) character file.

2507 iamserjio the Thaumaturge (level 9, -1/57 HPs)
             Began as a Mummy Fire Elementalist on May 5, 2018.
             Slain by Duvessa
             ... wielding a +0 short sword
              (11 damage)
             ... on level 7 of the Dungeon.
             The game lasted 00:36:19 (11136 turns).

iamserjio the Thaumaturge (MuFE)                   Turns: 11136, Time: 00:36:19

Health: -1/57      AC:  8    Str: 12    XL:     9   Next: 28%
Magic:  7/21       EV: 12    Int: 17    God:
Gold:   203        SH:  0    Dex: 14    Spells: 17/25 levels left

rFire    x . .     SeeInvis .   t - +8 hand axe of Qazlal's Regard {venom, rPois MR+ Dex+2}
rCold    + . .     Gourm    .   (no shield)
rNeg     + + +     Faith    .   a - +0 robe
rPois    ∞         Spirit   .   n - +0 helmet
rElec    .         Reflect  .   (no cloak)
rCorr    +         Harm     .   g - +2 pair of gloves
MR       ++...                  (no boots)
Stlth    ++........             (no amulet)
HPRegen  0.19/turn              d - +2 ring of protection
MPRegen  0.17/turn              s - ring of resist corrosion

@: no status effects
A: no food or potions, fire vulnerability, cold resistance 1, negative energy
resistance 3, torment resistance, unbreathing
a: no special abilities


You were on level 7 of the Dungeon.
You were not hungry.

You visited 2 branches of the dungeon, and saw 8 of its levels.

You collected 203 gold pieces.

Inventory:

Hand Weapons
 b - a +0 short sword
 c - a +0 spear
 p - a +1 glaive of chopping
 t - the +8 hand axe of Qazlal's Regard (weapon) {venom, rPois MR+ Dex+2}
   (You found it on level 5 of the Dungeon)

   It poisons the flesh of those it strikes.
   It affects your dexterity (+2).
   It protects you from poison.
   It affects your resistance to hostile enchantments.
Missiles
 j - 5 javelins (quivered)
Armour
 a - a +0 robe (worn)
 f - a +0 buckler
 g - a +2 pair of gloves (worn)
 l - a cursed +0 leather armour
 n - a +0 helmet (worn)
Jewellery
 d - a +2 ring of protection (left hand)
 s - a ring of resist corrosion (right hand)
 u - an uncursed ring of stealth {unknown}
 w - an uncursed amulet of magic regeneration {unknown}
Wands
 h - a wand of digging (9)
 q - a wand of flame (3)
Scrolls
 e - 3 scrolls of enchant weapon
 i - 4 scrolls of teleportation
 k - 3 scrolls of fear
 m - a scroll of magic mapping
 o - a scroll of amnesia {unknown}
 r - a scroll of identify
 v - a scroll of noise {unknown}


   Skills:
 - Level 1.5 Dodging
 - Level 1.5 Stealth
 + Level 8.8 Spellcasting
 + Level 5.8 Conjurations
 * Level 7.0 Fire Magic


You had 17 spell levels left.
You knew the following spells:

 Your Spells              Type           Power        Failure   Level  Hunger
a - Flame Tongue          Conj/Fire      ####.        1%          1    N/A
b - Conjure Flame         Conj/Fire      ####....     1%          3    N/A
c - Sticky Flame          Conj/Fire      ####....     7%          4    N/A

Dungeon Overview and Level Annotations

Branches:
Dungeon (7/15)             Temple (1/1) D:5

Altars:
Ashenzari
Cheibriados
Dithmenos
Fedhas
Hepliaklqana
Kikubaaqudgha
Makhleb
Nemelex Xobeh
Okawaru
Sif Muna
Trog
Uskayaw
Vehumet
Wu Jian
Xom
Yredelemnul
Zin
The Shining One

Shops:
D:3 *   D:4 :   D:6 =

Annotations:
D:7 Duvessa


Innate Abilities, Weirdness & Mutations

You do not eat or drink.
Your flesh is vulnerable to fire.
You are immune to poison.
Your flesh is cold resistant. (rC+)
You are immune to negative energy. (rN+++)
You are immune to unholy pain and torment.
You can survive without breathing.


Message History

* * * LOW HITPOINT WARNING * * *
Duvessa hits you with a short sword!
* * * LOW HITPOINT WARNING * * *
The jelly is engulfed in blazing flames.
Okay, then.
You can't drink.
Okay, then.
Duvessa burns!
The jelly is engulfed in blazing flames.
You kill the jelly!
Your Fire Magic skill increases to level 7!
Duvessa hits you but does no damage.
Duvessa burns!
Duvessa stops burning.
Unknown command.
Sorry, you're not good enough to have a special ability.
Unknown command.
Evoke which item? (* to show all) (? for menu, Esc to quit)
Okay, then.
Duvessa hits you with a short sword!
You die...

##########
#......>.. ##.##
#.######## #.$.#
#.#
#...####.##########
#.$.#..e@.%.......#
#...#.#.........#.#
#.$.#(#..######.#.#
##...#(#..##.
#.#.#######
#..$.(......#
#..))).<...
#....).....##
###.######.
#...).....## #....#
##...###...# ####.#
#...# #.#.# #.#


You could see Duvessa (berserk).

Vanquished Creatures
  Prince Ribbit (D:6)
  Sigmund (D:2)
  An ice beast (D:5)
  An ogre (D:7)
  A centaur (D:7)
  Blork the orc (D:5)
  2 bullfrogs
  3 scorpions
  Dowan (D:7)
  3 killer bees
  8 wights
  A howler monkey (D:6)
  2 crimson imps
  A hound (D:5)
  A quasit (D:6)
  2 bullfrog zombies (D:5)
  3 orc wizards
  A gnoll shaman (D:6)
  4 orc priests
  2 jellies
  A bullfrog skeleton (D:6)
  An iguana (D:5)
  4 worker ants (D:4)
  A killer bee zombie (D:5)
  Robin (D:2)
  7 gnolls
  11 adders
  2 oozes
  3 adder skeletons
  A worm (D:3)
  2 dart slugs
  A leopard gecko (D:3)
  26 orcs
  6 bats
  4 giant cockroaches
  7 goblins
  9 hobgoblins
  14 jackals
  8 kobolds
  2 quokkas
  6 ball pythons
  2 frilled lizards
  5 rats
164 creatures vanquished.

Notes
Turn   | Place    | Note
-------+----------+-------------------------------------------
     0 | D:1      | iamserjio the Mummy Fire Elementalist began the quest for the Orb.
     0 | D:1      | Reached XP level 1. HP: 13/13 MP: 4/4
   185 | D:1      | Reached skill level 1 in Conjurations
   290 | D:1      | Found a shattered altar of Ashenzari.
   292 | D:1      | Reached skill level 3 in Spellcasting
   396 | D:1      | Reached XP level 2. HP: 17/19 MP: 1/6
  1246 | D:2      | Reached XP level 3. HP: 24/24 MP: 4/7
  1458 | D:2      | Learned a level 3 spell: Conjure Flame
  2019 | D:2      | Noticed Robin
  2188 | D:2      | Killed Robin
  2188 | D:2      | Reached XP level 4. HP: 27/30 MP: 0/9
  2858 | D:2      | Noticed Sigmund
  2865 | D:2      | Learned a level 4 spell: Sticky Flame
  2895 | D:3      | Found a blossoming altar of Fedhas.
  2898 | D:3      | Noticed a bullfrog
  2907 | D:3      | Killed a bullfrog
  2907 | D:3      | Reached skill level 4 in Spellcasting
  2907 | D:3      | Reached XP level 5. HP: 18/35 MP: 5/11
  3660 | D:3      | Found a hide-covered altar of Uskayaw.
  4639 | D:4      | Reached XP level 6. HP: 34/41 MP: 6/13
  5166 | D:3      | Reached skill level 5 in Spellcasting
  5181 | D:3      | Found Zin's Purification Station.
  5184 | D:3      | Found a glowing silver altar of Zin.
  6824 | D:2      | Killed Sigmund
  6824 | D:2      | Reached XP level 7. HP: 38/46 MP: 5/15
  7247 | D:4      | Found a hazy altar of Hepliaklqana.
  7248 | D:4      | Found a shimmering altar of Xom.
  7249 | D:4      | Noticed a spectral ugly thing
  7355 | D:4      | Found Orocuibla's Book Shoppe.
  7372 | D:4      | Found a sparkling altar of Nemelex Xobeh.
  7632 | D:5      | Entered Level 5 of the Dungeon
  7632 | D:5      | Found a snail-covered altar of Cheibriados.
  7642 | D:5      | Reached skill level 6 in Spellcasting
  7693 | D:5      | Found a bloodstained altar of Trog.
  7704 | D:5      | Noticed Blork the orc
  7720 | D:5      | Killed Blork the orc
  8129 | D:5      | Found a staircase to the Ecumenical Temple.
  8134 | Temple   | Entered the Ecumenical Temple
  8611 | D:5      | Got a warped hand axe
  8624 | D:5      | Identified the +8 hand axe of Qazlal's Regard {venom, rPois MR+ Dex+2} (You found it on level 5 of the Dungeon)
  8738 | D:5      | Reached skill level 5 in Fire Magic
  8738 | D:5      | Reached XP level 8. HP: 52/52 MP: 9/18
  8950 | D:5      | Reached skill level 7 in Spellcasting
  9478 | D:6      | Noticed Prince Ribbit
  9611 | D:5      | Reached skill level 5 in Conjurations
 10161 | D:6      | Reached skill level 8 in Spellcasting
 10474 | D:6      | Killed Prince Ribbit
 10474 | D:6      | Reached XP level 9. HP: 41/57 MP: 12/21
 10749 | D:6      | Found Wakhip's Jewellery Emporium.
 11100 | D:7      | Noticed Dowan
 11105 | D:7      | Killed Dowan
 11125 | D:7      | Noticed Duvessa
 11136 | D:7      | Slain by Duvessa

Vault maps used:
D:1:      lightli_arrival_chessboard, st_stairs_4, ashenzari_altar_1
D:2:      uniq_sigmund, uniq_robin
D:3:      zin_purify, old_standard_altar, fedhas_altar_2
D:4:      regret_index_temple_of_mockery, nemelex_xobeh_ov_fountains_minmay,
          first_ration, serial_shops, shop, bh_walls_and_bars
D:5:      lemuel_crystal_altar, bloody_trog, temple_doors_e,
          nicolae_underground_beach, uniq_blork_the_orc
D:6:      serial_shops, shop, uniq_prince_ribbit1
D:7:      lemuel_doored_altar, grunt_gozag_breadcrumbs, uniq_duvessa,
          uniq_crazy_yiuf_cottage
Temple:   nicolae_temple_figure_zero

Skill      XL: |  1  2  3  4  5  6  7  8  9 |
---------------+----------------------------+-----
Conjurations   | 1 2 3 4 5 |  5.8
Spellcasting   | 3 4 5 6 8 |  8.8
Fire Magic     | 3 4 5 6 7 |  7.0
Dodging        | |  1.5
Stealth        | |  1.5

Action                   |  1- 3 |  4- 6 |  7- 9 || total
-------------------------+-------+-------+-------++-------
Melee: Short sword       |    14 |    32 |    14 ||    60
       Hand axe          |       |       |    41 ||    41
 Cast: Flame Tongue      |    71 |   116 |   159 ||   346
       Conjure Flame     |     3 |     4 |    10 ||    17
       Sticky Flame      |       |       |    27 ||    27
Evoke: Wand              |       |       |     1 ||     1
  Use: Scroll            |     4 |     3 |     5 ||    12
 Stab: Sleeping          |       |     1 |       ||     1
Armor: Robe              |    10 |    35 |    47 ||    92
Dodge: Dodged            |    31 |    53 |    86 ||   170

Table legend:
 A = Spawn XP
 B = Non-spawn XP
 C = Spawn XP percentage of total XP
 D = Spawn monster count
 E = Non-spawn monster count
 F = Spawn count percentage of total count
 G = Total turns spent on level
                    A         B        C        D         E        F      G
               +---------+---------+-------+---------+---------+-------+---------
         Total |       0 |    3582 |   0.0 |       0 |     164 |   0.0 | 11136
               +---------+---------+-------+---------+---------+-------+---------
           D:1 |       0 |      39 |   0.0 |       0 |      23 |   0.0 |  1840
           D:2 |       0 |     324 |   0.0 |       0 |      28 |   0.0 |  2250
           D:3 |       0 |     229 |   0.0 |       0 |      22 |   0.0 |  2277
           D:4 |       0 |     277 |   0.0 |       0 |      18 |   0.0 |  1265
           D:5 |       0 |     947 |   0.0 |       0 |      25 |   0.0 |  2101
           D:6 |       0 |    1289 |   0.0 |       0 |      39 |   0.0 |  1021
           D:7 |       0 |     477 |   0.0 |       0 |       9 |   0.0 |   264
               +---------+---------+-------+---------+---------+-------+---------
